 Dungeon Sprint DCSS version 0.28.0-53-g5a82cb258f (webtiles) character file.

Game seed: 539466342897379766

7343 Zeld the Severer (level 10, -28/104 HPs)
             Began as a Minotaur Berserker on June 16, 2022.
             Was the Champion of Trog.
             Killed from afar by Sigmund (57 damage)
             ... with a bolt of fire
             ... in the Dungeon (Sprint III: "The Ten Rune Challenge").
             The game lasted 00:03:47 (4377 turns).

Zeld the Severer (Minotaur Berserker)               Turns: 4377, Time: 00:03:48

Health: -28/104    AC:  3    Str: 32    XL:     10   Next: 91%
Magic:  9/9        EV: 17    Int:  4    God:    Trog [******]
Gold:   30         SH:  0    Dex: 11    Spells: 9/9 levels left

rFire   x . .      SeeInvis .   o - +3 eveningstar of Buntyts {vorpal, rF- rC+ Str+7}
rCold   + . .      Faith    .   (no shield)
rNeg    . . .      Spirit   .   b - +0 animal skin
rPois   .          Reflect  .   (helmet restricted)
rElec   .          Harm     .   (no cloak)
rCorr   .          Rampage  .   (no gloves)
Will    .....      NoTele   +   (no boots)
Stlth   +.........              (no amulet)
HPRegen 0.27/turn               (no ring)
MPRegen 0.11/turn               (no ring)

@: confused, on berserk cooldown, slowed, very slow
A: horns 2, retaliatory headbutt
a: Renounce Religion, Berserk, Trog's Hand, Brothers in Arms


You were in the Dungeon.
You worshipped Trog.
Trog was exalted by your worship.
You visited 1 branch You collected 30 gold pieces.

Inventory:

Hand Weapons
 a - a +0 hand axe
 o - the +3 eveningstar of Buntyts (weapon) {vorpal, rF- rC+ Str+7}
   (Trog gifted it to you in the Dungeon)

   It inflicts extra damage upon your enemies.
   Str:       It affects your strength (+7).
   rF:        It makes you vulnerable to fire.
   rC:        It protects you from cold.
Armour
 b - a +0 animal skin (worn)
Scrolls
 h - 2 scrolls of blinking
 i - 2 scrolls of holy word {unknown}
 j - 2 scrolls of identify
 m - a scroll of enchant armour {unknown}
Potions
 c - a potion of curing
 d - 2 potions of heal wounds
 e - a potion of haste
 f - 3 potions of magic
 g - 3 potions of berserk rage
 k - a potion of flight {unknown}
 l - 6 potions of mutation
Miscellaneous
 n - a box of beasts


   Skills:
 + Level 14.6 Fighting
 * Level 19.8 Axes
 + Level 14.4 Armour
 + Level 13.3 Dodging


You had 9 spell levels left.
You didn't know any spells.
Your spell library was empty.

Dungeon Overview and Level Annotations

Branches:
Dungeon (1/1)

Altars:
Cheibriados
Dithmenos
Elyvilon
Fedhas
Gozag
Hepliaklqana
Kikubaaqudgha
Makhleb
Nemelex Xobeh
Okawaru
Qazlal
Ru
Sif Muna
Trog
Uskayaw
Vehumet
Wu Jian
Xom
Yredelemnul
Zin
The Shining One
Beogh
Jiyva
Lugonu

Annotations:
D Sigmund


Innate Abilities, Weirdness & Mutations

You have a pair of horns on your head.
You reflexively headbutt those who attack you in melee.


Message History

Edmund freezes you.
You bludgeon Edmund!!
Edmund is heavily wounded.
Edmund hits you with a +2 great mace of freezing!
Edmund freezes you. Something hits you! Space warps horribly around you!
You skewer Edmund like a kebab!!!
Edmund is severely wounded.
You skewer Edmund like a kebab!!! Your headbutt misses Edmund.
Edmund is almost dead.
Edmund hits you with a +2 great mace of freezing.
Something hits you.
You are too injured to fight recklessly!
You are too injured to fight recklessly!
You bludgeon Edmund!!
You kill Edmund!
Trog accepts your kill.
Your box of beasts has recharged.
A red film seems to cover your vision as you go berserk!
You feel yourself moving faster!
You feel mighty!
You feel a strong urge to attack something.
You hear some strange, mumbled words.
You are confused.
There is an open door, spattered with blood here.
Things that are here:
a +2 great mace of freezing; 7 curare-tipped darts You feel your anger nearly subside.
Something barely misses you.
You are no longer berserk.
You are exhausted.
You feel yourself slow down.
There is an open door, spattered with blood here.
Something hits you! Space warps horribly around you!
* * * LOW HITPOINT WARNING * * *
Things that are here:
a +2 great mace of freezing; 7 curare-tipped darts You hear some strange, mumbled words.
A bolt of fire appears from out of thin air!
The bolt of fire hits you!!! The fire burns you terribly!
Ouch! That really hurt!
You die...

#....#.#.#.....#.^^^^.+
##.#..#.##)###.#.....^#
'##.#.#.##)#.)##......#
#.).#..#).##..'.......#
▓▓▓▓▓▓▓▓▓▓▓▓▓▓#.......#
........≈≈≈...#.^^....#
≈≈≈≈≈≈≈≈≈≈♣♣..'.^.^..^#
♣♣♣♣♣♣♣♣♣♣♣♣..#.......#
♣♣♣##@###### ♣♣ #.).+
.## #.{.# #.# #...#
.##+ ##### .).# #..#
####


There were no monsters in sight!

Vanquished Creatures
  Erolcha (D)
  Urug (D)
  A lindwurm (D)
  A deep elf pyromancer (D)
  2 cane toads (D)
  Edmund (D)
  A rime drake (D)
  A komodo dragon (D)
  2 tyrant leeches (D)
  4 blink frogs (D)
  A shadow (D)
  5 redbacks (D)
  A spatial vortex (D)
  A swamp drake (D)
  3 wandering mushrooms (D)
  A necrophage (D)
  5 two-headed ogres (D)
  A water elemental (D)
  A jelly (D)
  Jessica (D)
  A wizard (D)
  A necromancer (D)
  3 humans (D)
  A kobold demonologist (D)
  A phantom (D)
  An endoplasm (D)
  2 rats (D)
45 creatures vanquished.

Vanquished Creatures (collateral kills)
  A blink frog (D)
1 creature vanquished.

Vanquished Creatures (others)
  3 plants (D)
3 creatures vanquished.

Grand Total: 49 creatures vanquished

Notes
Turn   | Place    | Note
-------+----------+-------------------------------------------
     0 | D        | Zeld the Minotaur Berserker began the quest for the Orb.
     0 | D        | Reached XP level 1. HP: 19/19 MP: 0/0
    13 | D        | Reached skill level 4 in Axes
   139 | D        | Reached ** piety under Trog
   148 | D        | Noticed Jessica
   153 | D        | Killed Jessica
   154 | D        | Reached skill level 5 in Axes
   154 | D        | Reached XP level 2. HP: 25/28 MP: 1/1
   154 | D        | Reached XP level 3. HP: 31/35 MP: 2/2
   175 | D        | Reached skill level 5 in Fighting
   175 | D        | Reached skill level 6 in Axes
   219 | D        | Noticed a water elemental
   223 | D        | Killed a water elemental
   223 | D        | Reached *** piety under Trog
   224 | D        | Reached skill level 7 in Axes
   224 | D        | Reached skill level 5 in Armour
   224 | D        | Reached XP level 4. HP: 44/44 MP: 3/3
   286 | D        | Found a radiant altar of Vehumet.
   286 | D        | Found a shimmering blue altar of Sif Muna.
   286 | D        | Found an ancient bone altar of Kikubaaqudgha.
   286 | D        | Noticed a wizard
   292 | D        | Noticed a sixfirhy
   293 | D        | Noticed a hellwing
   296 | D        | Reached skill level 8 in Axes
   296 | D        | Reached skill level 5 in Dodging
   298 | D        | Killed a wizard
   299 | D        | Reached XP level 5. HP: 20/51 MP: 4/4
   520 | D        | Found a hide-covered altar of Uskayaw.
   520 | D        | Found an iron altar of Okawaru.
   520 | D        | Found a bloodstained altar of Trog.
   520 | D        | Found an ornate altar of the Wu Jian Council.
   520 | D        | Noticed a human
   522 | D        | Noticed a human
   529 | D        | Killed a human
   530 | D        | Reached skill level 10 in Axes
   530 | D        | Reached XP level 6. HP: 61/61 MP: 5/5
   533 | D        | Killed a human
   533 | D        | Reached **** piety under Trog
   534 | D        | Reached skill level 11 in Axes
   644 | D        | Found a basalt altar of Yredelemnul.
   644 | D        | Found a shadowy altar of Dithmenos.
   644 | D        | Found a sacrificial altar of Ru.
   650 | D        | Reached XP level 7. HP: 69/69 MP: 6/6
   701 | D        | Noticed a shadow
   703 | D        | Killed a shadow
   704 | D        | Reached skill level 12 in Axes
   824 | D        | Found a blossoming altar of Fedhas.
   824 | D        | Found a stormy altar of Qazlal.
   824 | D        | Found a snail-covered altar of Cheibriados.
   824 | D        | Found a burning altar of Makhleb.
   824 | D        | Found a shimmering altar of Xom.
   824 | D        | Noticed a spatial vortex
   825 | D        | Found a hazy altar of Hepliaklqana.
   825 | D        | Found an opulent altar of Gozag.
   825 | D        | Found a sparkling altar of Nemelex Xobeh.
   825 | D        | Found a corrupted altar of Lugonu.
   825 | D        | Found a viscous altar of Jiyva.
   848 | D        | Killed a spatial vortex
   848 | D        | Reached ***** piety under Trog
   849 | D        | Reached skill level 13 in Axes
   870 | D        | Found a glowing silver altar of Zin.
   870 | D        | Found a glowing golden altar of the Shining One.
   870 | D        | Found a white marble altar of Elyvilon.
   871 | D        | Noticed a deep elf pyromancer
   876 | D        | Noticed a fire elemental
   876 | D        | Noticed a fire elemental
   880 | D        | Killed a deep elf pyromancer
   881 | D        | Reached skill level 10 in Fighting
   881 | D        | Reached skill level 14 in Axes
   881 | D        | Reached skill level 10 in Armour
   881 | D        | Reached XP level 8. HP: 14/80 MP: 7/7
  1432 | D        | Noticed a two-headed ogre
  1444 | D        | Killed a two-headed ogre
  1444 | D        | Received a gift from Trog
  1445 | D        | Reached skill level 15 in Axes
  1445 | D        | Reached skill level 10 in Dodging
  1532 | D        | Noticed a two-headed ogre
  1532 | D        | Noticed Erolcha
  1543 | D        | Killed a two-headed ogre
  1544 | D        | Reached XP level 9. HP: 31/89 MP: 8/8
  1603 | D        | Killed Erolcha
  1604 | D        | Reached skill level 16 in Axes
  1948 | D        | Noticed a wandering mushroom
  1955 | D        | Noticed a wandering mushroom
  1957 | D        | Noticed a wandering mushroom
  2228 | D        | Reached skill level 17 in Axes
  2302 | D        | Noticed a cane toad
  2302 | D        | Noticed a komodo dragon
  2302 | D        | Noticed a cane toad
  2305 | D        | Killed a cane toad
  2305 | D        | Reached ****** piety under Trog
  2313 | D        | Killed a cane toad
  2313 | D        | Killed a komodo dragon
  2314 | D        | Reached XP level 10. HP: 43/101 MP: 9/9
  2573 | D        | Reached skill level 18 in Axes
  2781 | D        | Identified the +3 eveningstar of Buntyts {vorpal, rF- rC+
                  | Str+7} (Trog gifted it to you in the Dungeon)
  2781 | D        | Received a gift from Trog
  3086 | D        | Noticed a lindwurm
  3093 | D        | Killed a lindwurm
  3608 | D        | Noticed Urug
  3613 | D        | Killed Urug
  3614 | D        | Reached skill level 19 in Axes
  3912 | D        | Received a gift from Trog
  4363 | D        | Noticed Edmund
  4363 | D        | Noticed Sigmund
  4369 | D        | Killed Edmund
  4377 | D        | Killed from afar by Sigmund

Illustrated notes

Levels and vault maps discovered:
D:        dungeon_sprint_mu [sprint_mu_entry_cave, sprint_mu_temple_rooms,
          sprint_mu_d1_spiders, sprint_mu_d2_genie, sprint_mu_d3_branching,
          sprint_mu_orc_legion, sprint_mu_elf_gauntlet, sprint_mu_hive_nellie,
          sprint_mu_lair_fedhas, sprint_mu_vaults_butterflies,
          sprint_mu_slime_circle, sprint_mu_shoals_kraken,
          sprint_mu_snake_twists, sprint_mu_blade_basic, sprint_mu_crypt_lich,
          sprint_mu_tomb_spiral, sprint_mu_vestibule_basic,
          sprint_mu_gehenna_hellfire, sprint_mu_dis_giant,
          sprint_mu_tartarus_statrot, sprint_mu_cocytus_islands, sprint_mu_zot1]

Skill      XL: |  1  2  3  4  5  6  7  8  9 10 |
---------------+-------------------------------+-----
Axes           | 5 7 8 10 11 14 15 17 19 | 19.8
Fighting       | 4 6 7 8 10 11 13 14 | 14.6
Armour         | 4 5 6 7 8 10 11 12 14 | 14.4
Dodging        | 3 4 5 6 7 9 10 11 13 | 13.3

Action                   |  1- 3 |  4- 6 |  7- 9 | 10-12 || total
-------------------------+-------+-------+-------+-------++-------
Melee: Hand axe          |    16 |    25 |   113 |    31 ||   185
       Headbutt          |     4 |     2 |    37 |    10 ||    53
       Punch             |       |       |     2 |       ||     2
       Eveningstar       |       |       |       |    40 ||    40
Invok: Berserk           |     2 |     3 |     3 |     2 ||    10
Evoke: Box of beasts     |       |       |       |     1 ||     1
 Stab: Sleeping          |     1 |       |       |     1 ||     2
Armor: Animal skin       |     2 |     1 |     4 |     2 ||     9
Dodge: Dodged            |    12 |     6 |    64 |    42 ||   124
